 Dungeon Crawl Stone Soup version 0.29-a0-82-g837932c90e (webtiles) character file.

Game seed: 12705667043133613586

97 timneilson the Covered (level 4, -4/29 HPs)
             Began as a Gargoyle Fighter on Feb 5, 2022.
             Slain by a gnoll (8 damage)
             ... on level 2 of the Dungeon.
             The game lasted 00:02:40 (2380 turns).

timneilson the Covered (Gargoyle Fighter)           Turns: 2380, Time: 00:02:41

Health: -4/29      AC: 10    Str: 21    XL:     4   Next: 68%
Magic:  4/4        EV:  9    Int: 15    God:
Gold:   73         SH:  5    Dex:  9    Spells: 3/3 levels left

rFire   . . .      SeeInvis .   a - +0 long sword
rCold   . . .      Faith    .   c - +1 buckler
rNeg    + . .      Spirit   .   b - +0 scale mail
rPois   ∞          Reflect  .   (no helmet)
rElec   +          Harm     .   (no cloak)
rCorr   .          Rampage  .   (no gloves)
Will    .....                   (no boots)
Stlth   ..........              (no amulet)
HPRegen 0.09/turn               h - +6 ring of intelligence
MPRegen 0.09/turn               (no ring)

@: no status effects
A: sickness immunity, AC +3, negative energy resistance 1, electricity
resistance, torment resistance 1, petrification resistance
a: no special abilities


You were on level 2 of the Dungeon.
You visited 1 branch of the dungeon, and saw 2 of its levels.

You collected 73 gold pieces.

Inventory:

Hand Weapons
 a - a +0 long sword (weapon)
Armour
 b - a +0 scale mail (worn)
 c - a +1 buckler (worn)
Jewellery
 h - a +6 ring of intelligence (left hand)
Scrolls
 g - a scroll of fog {unknown}
 j - a scroll of holy word {unknown}
Potions
 d - a potion of might
 e - a potion of heal wounds {unknown}
 f - 2 potions of ambrosia {unknown}
 i - a potion of brilliance {unknown}


   Skills:
 + Level 3.7 Fighting
 * Level 2.5 Long Blades
 * Level 4.1 Armour
 + Level 0.9 Dodging
 * Level 4.0 Shields


You had 3 spell levels left.
You didn't know any spells.
Your spell library was empty.

Dungeon Overview and Level Annotations

Branches:
Dungeon (2/15)

Altars:


Innate Abilities, Weirdness & Mutations

You are immune to sickness and miasma.
Your stone body is resilient. (AC +3)
You are immune to poison.
You resist negative energy. (rN+)
You are resistant to electric shocks. (rElec)
You are resistant to unholy torment.
You are immune to petrification.


Message History

The gnoll barely misses you. x2
You hit the gnoll.
The gnoll is moderately wounded.
The gnoll hits you with a +0 halberd!
You completely miss the gnoll.
The gnoll is moderately wounded.
The gnoll hits you but does no damage.
You hit the gnoll.
The gnoll is heavily wounded.
The gnoll hits you with a +0 halberd. The gnoll misses you.
You barely miss the gnoll.
The gnoll is heavily wounded.
The gnoll hits you with a +0 halberd.
You hit the gnoll.
The gnoll is severely wounded.
You block the gnoll's attack.
You barely miss the gnoll.
The gnoll is severely wounded.
The gnoll completely misses you.
You closely miss the gnoll.
The gnoll is severely wounded.
The gnoll hits you with a +0 halberd. The gnoll hits you but does no damage.
You slash the gnoll!
You kill the gnoll!
Your Shields skill increases to level 4!
Things that are here:
a +0 halberd; a gnoll corpse A gnoll is nearby!
You see here a +0 flail.
The gnoll shouts!
You start resting.
A gnoll is nearby!
The gnoll hits you from afar with a +0 halberd!
You block the gnoll's attack.
You hit the gnoll but do no damage. The gnoll closely misses you.
You block the gnoll's attack.
You barely miss the gnoll. The gnoll hits you with a +0 halberd!
* * * LOW HITPOINT WARNING * * *
You closely miss the gnoll. The gnoll hits you with a +0 halberd!
You die...

...........# #.#
.......)...# #.#####
...........# #.....#
......###.## #####.#
g.....# #.# #.# ......#
#.##############.#
###.#####................#
........>#################
...............g@........#
########################.#
.............### #.#
.............'.# #.#
.............#.# #.#
#######.#....#†# #.#
#######.#.##.#.# #.#
..........##.#.# #.#
#...###.####.#.# #.#


You could see a gnoll.

Vanquished Creatures
  5 gnolls (D:2)
  An adder (D:2)
  3 dart slugs
  A ball python (D:1)
  3 bats
  3 endoplasms
  6 goblins
  3 hobgoblins
  A quokka (D:2)
  5 frilled lizards (D:1)
  3 kobolds
  5 rats
39 creatures vanquished.

Notes
Turn   | Place    | Note
-------+----------+-------------------------------------------
     0 | D:1      | timneilson the Gargoyle Fighter began the quest for the
                  | Orb.
     0 | D:1      | Reached XP level 1. HP: 14/14 MP: 1/1
   396 | D:1      | Reached XP level 2. HP: 19/19 MP: 2/2
   453 | D:1      | Found a faded altar of an unknown god.
  1299 | D:2      | Reached XP level 3. HP: 23/23 MP: 3/3
  1861 | D:2      | Reached XP level 4. HP: 16/29 MP: 4/4
  2380 | D:2      | Slain by a gnoll

Illustrated notes

Levels and vault maps discovered:
D:1:      sevenhm_arrival_forest_fort_large_3, layout_loops_ring,
          basic_ecumenical_altar
D:2:      minmay_angry_zag, layout_basic, dk_noncrumbling_3

Skill      XL: |  1  2  3  4 |
---------------+-------------+-----
Long Blades    | 2 |  2.5
Armour         | 4 |  4.1
Shields        | 4 |  4.0
Fighting       | |  3.7
Dodging        | |  0.9

Action                   |  1- 3 |  4- 6 || total
-------------------------+-------+-------++-------
Melee: Long sword        |    91 |    26 ||   117
  Use: Scroll            |     1 |       ||     1
Armor: Scale mail        |    39 |     3 ||    42
Dodge: Dodged            |    46 |    10 ||    56
Block: Buckler           |    23 |    10 ||    33

Table legend: (Time is in decaauts)
 A = Elapsed time spent in this place.
 B = Non-inter-level travel time spent in this place.
 C = Inter-level travel time spent in this place.
 D = Time resting spent in this place.
 E = Time spent auto-exploring this place.
 F = Levels seen in this place.
 G = Mean time per level.
                   A        B        C        D        E       F      G
               +--------+--------+--------+--------+--------+-----+--------+
         Total |   2419 |   2338 |     81 |    276 |   1631 |   2 | 1209.5 |
       Dungeon |   2419 |   2338 |     81 |    276 |   1631 |   2 | 1209.5 |
               +--------+--------+--------+--------+--------+-----+--------+

Top non-repeatable levels by time:
     D:1: 1437 daAuts
     D:2: 982 daAuts
